[Event "Slovakian-ch Youth 2022"]
[Site "Lubovna"]
[Date "2022.05.23"]
[Round "4.8"]
[White "Chlpek, Daniel"]
[Black "Petrek, Dominik"]
[Result "1/2-1/2"]
[ECO "D14"]
[WhiteElo "2030"]
[BlackElo "2110"]
[Annotator "TA"]
[PlyCount "41"]
[EventDate "2022.05.22"]
[EventCountry "SVK"]
[SourceTitle "playchess.com"]
[Source "ChessBase"]
[SourceQuality "1"]
[TimeControl "40/5400+30:1800+30"]

1. d4 d5 2. Nf3 Nf6 3. c4 c6 4. cxd5 cxd5 5. Nc3 Nc6 6. Bf4 Bf5 7. e3 e6 8. Bd3 Bxd3 9. Qxd3 Be7 10. h3 O-O 11. O-O Rc8 12. Rfc1 a6 13. Ne5 {[%emt 0:01:06] [#]} {Predecessor:} Nxe5 $146 {D14: Slav Defence: Exchange variation with ...Bf5.} 14. Bxe5 Qd7 15. Rc2 Rc6 16. Rac1 Rfc8 17. Bxf6 Bxf6 18. Na4 Rxc2 19. Rxc2 Rxc2 20. Qxc2 Be7 21. b3 {½-½ (31) Cordova,E (2587)-Bruzon Batista,L (2672) Merida 2017} 1/2-1/2

[Event "Slovakian-ch Youth 2022"]
[Site "Lubovna"]
[Date "2022.05.23"]
[Round "4.8"]
[White "Cerven, Samuel"]
[Black "Hudak, Jan"]
[Result "1/2-1/2"]
[ECO "B28"]
[WhiteElo "1353"]
[BlackElo "1688"]
[Annotator "NA COMBH"]
[PlyCount "49"]
[EventDate "2022.05.22"]
[EventCountry "SVK"]
[SourceTitle "playchess.com"]
[Source "ChessBase"]
[SourceQuality "1"]
[TimeControl "40/5400+30:1800+30"]

1. e4 c5 2. Nf3 a6 3. d4 cxd4 4. Nxd4 Nf6 5. Nc3 e5 6. Nb3 Nc6 7. a3 d6 8. Be2 Be7 9. O-O O-O 10. Bg5 Be6 11. Be3 d5 12. exd5 Nxd5 13. Nxd5 Bxd5 14. Re1 Rc8 15. Rc1 f5 16. f3 Kh8 17. c4 Bf7 18. Nc5 Bxc5 19. Bxc5 Re8 20. Qxd8 Rexd8 21. Red1 Rxd1+ 22. Rxd1 Na5 23. Bb4 Nxc4 24. Bc3 Nb6 25. Bxe5 1/2-1/2

[Event "Slovakian-ch Youth 2022"]
[Site "Lubovna"]
[Date "2022.05.23"]
[Round "4.9"]
[White "Kuna, Patrik"]
[Black "Beres, Tomas"]
[Result "1/2-1/2"]
[ECO "C01"]
[WhiteElo "1811"]
[BlackElo "2059"]
[Annotator "TA"]
[PlyCount "44"]
[EventDate "2022.05.22"]
[EventCountry "SVK"]
[SourceTitle "playchess.com"]
[Source "ChessBase"]
[SourceQuality "1"]
[TimeControl "40/5400+30:1800+30"]

1. e4 e6 2. d4 d5 3. exd5 exd5 4. Nf3 Nf6 5. Bd3 Bd6 6. O-O O-O 7. Bg5 Bg4 8. Nbd2 Nbd7 9. c3 c6 10. Qc2 Qc7 {[%emt 0:00:23] The position is equal.} 11. Bh4 {[%emt 0:03:10] C01: French: Exchange Variation.} Bh5 12. Bg3 Bg6 13. Rfe1 Rfe8 14. Bxg6 hxg6 15. Rxe8+ Rxe8 16. Re1 Rxe1+ 17. Nxe1 Bxg3 18. hxg3 {[%emt 0:00:40] [#] An even fight not without its subleties.  Weighted Error Value: White=0.11 (very precise) /Black=0.10 (very precise)} {Predecessor:} b6 $146 19. Nef3 c5 20. Nf1 Nf8 21. Ne3 Ne6 22. Qa4 Qb7 {½-½ (30) Spasov,V (2554)-Nikolov,M (2522) Sunny Beach 2015} 1/2-1/2

[Event "Slovakian-ch Youth 2022"]
[Site "Lubovna"]
[Date "2022.05.23"]
[Round "4.9"]
[White "Hasala, Richard"]
[Black "Gourlay, Martin B"]
[Result "1-0"]
[ECO "B11"]
[WhiteElo "1318"]
[BlackElo "1911"]
[Annotator "TA"]
[PlyCount "97"]
[EventDate "2022.05.22"]
[EventCountry "SVK"]
[SourceTitle "playchess.com"]
[Source "ChessBase"]
[SourceQuality "1"]
[TimeControl "40/5400+30:1800+30"]

1. e4 c6 2. Nc3 d5 3. Nf3 Bg4 4. h3 Bh5 5. Be2 dxe4 6. Nxe4 {[%emt 0:00:10] B11: Caro-Kann: Two Knights Variation.} e6 7. d4 (7. Ne5 {looks sharper.} Qd5 8. Bxh5 Qxe4+ 9. Qe2) 7... Be7 {[%emt 0:01:43] [#]} 8. Bf4 $146 {[%emt 0:01:23] White is slightly better.} ({Predecessor:} 8. O-O Nf6 9. Ng3 Bg6 10. Re1 Nbd7 11. c3 O-O 12. Qb3 Qc7 13. Bc4 Bd6 14. Nf1 {1-0 (42) Wikner,A (2242)-Lundin,J (2249) Sweden 2016}) 8... Nf6 9. Ng3 Bxf3 10. Bxf3 Nbd7 11. c3 O-O 12. O-O Qb6 13. Qc2 Nd5 14. Bxd5 cxd5 15. Rfe1 Rfe8 16. Be5 Nxe5 17. Rxe5 Bd6 18. Re3 Rac8 19. Rae1 {[%emt 0:00:54] [#]} (19. Qe2 $11 {remains equal.}) 19... Qa5 (19... Qxd4 $3 $17 20. Nf5 Qb6 21. Nxd6 Qxd6) 20. Qb1 b5 21. a3 Qa4 22. Nf5 Bf8 23. Nh4 $1 a5 24. f4 b4 $1 25. axb4 axb4 26. Qd1 Qxd1 27. Rxd1 bxc3 28. bxc3 Be7 29. Nf3 Rc6 30. Rde1 Rec8 (30... Rc7 $15 {feels stronger.}) 31. f5 $1 $11 Rxc3 32. fxe6 Rxe3 33. exf7+ Kxf7 {[%emt 0:01:32] aiming for ...Rxe1+.} 34. Rxe3 {[%emt 0:00:05][%mdl 4096] Endgame KRB-KRN} Rc1+ 35. Kf2 Bf6 36. Ne5+ Bxe5 37. Rxe5 {[%emt 0:00:14] KR-KR} Rc8 38. Rxd5 Ke6 39. Re5+ Kd6 40. Ra5 {[%emt 0:01:27] Hoping for Ra7.} Rf8+ ({Black should play} 40... Ke6 $14) 41. Ke3 $16 h6 $2 (41... Re8+ $16 {is more resistant.} 42. Kd3 Re7) 42. g4 $2 (42. Ra7 $18 {and White stays clearly on top.} Re8+ 43. Kd3) 42... Re8+ $2 (42... Rf1 $16) 43. Kf4 $1 $18 Rf8+ 44. Rf5 g5+ $2 (44... Rd8 45. h4 Rd7) 45. Ke4 Re8+ {[%emt 0:00:24] [#]} 46. Kd3 $2 (46. Re5 $1 $18 Rf8 47. Rd5+ Ke7 48. Ra5) 46... Re7 {[%emt 0:00:58][%mdl 8192] [#]} (46... Re1 $11) 47. Rf6+ $1 {[%emt 0:00:18] White is clearly winning.} Re6 48. Rxe6+ Kxe6 49. Ke4 {[%emt 0:00:06] Weighted Error Value: White=0.50/Black=0.40} 1-0

[Event "Slovakian-ch Youth 2022"]
[Site "Lubovna"]
[Date "2022.05.23"]
[Round "4.10"]
[White "Smetana, Peter"]
[Black "Kluska, Lukas"]
[Result "1-0"]
[ECO "C47"]
[WhiteElo "1740"]
[BlackElo "1215"]
[Annotator "NA COMBH"]
[PlyCount "81"]
[EventDate "2022.05.22"]
[EventCountry "SVK"]
[SourceTitle "playchess.com"]
[Source "ChessBase"]
[SourceQuality "1"]
[TimeControl "40/5400+30:1800+30"]

1. e4 e5 2. Nf3 Nc6 3. Nc3 Nf6 4. d4 exd4 5. Nxd4 Nxd4 6. Qxd4 d6 7. Bc4 Be7 8. O-O O-O 9. h3 Be6 10. Bd3 Qd7 11. Qe3 d5 12. exd5 Nxd5 13. Nxd5 Qxd5 14. Rd1 Qh5 15. Bd2 Bf6 16. c3 Rfe8 17. Re1 Bd7 18. Qg3 Qc5 19. Be3 Qc6 20. Rad1 Rad8 21. Bf4 Rc8 22. Rxe8+ Bxe8 23. Bf5 Rd8 24. Rxd8 Bxd8 25. Qd3 Bf6 26. Bxh7+ Kh8 27. Be4 Qb6 28. b4 Bc6 29. Bxc6 Qxc6 30. Bd2 Qd6 31. Qxd6 cxd6 32. a4 d5 33. Kf1 d4 34. cxd4 Bxd4 35. Ke2 Kh7 36. Be3 Bc3 37. Bxa7 Bxb4 38. Kd3 Kg6 39. Kc4 Be1 40. Kb5 Kf5 41. Be3 1-0

[Event "Slovakian-ch Youth 2022"]
[Site "Lubovna"]
[Date "2022.05.23"]
[Round "4.10"]
[White "Svorad, Tomas"]
[Black "Priechodsky, Radovan"]
[Result "0-1"]
[ECO "B06"]
[WhiteElo "1405"]
[BlackElo "1965"]
[Annotator "TA"]
[PlyCount "74"]
[EventDate "2022.05.22"]
[EventCountry "SVK"]
[SourceTitle "playchess.com"]
[Source "ChessBase"]
[SourceQuality "1"]
[TimeControl "40/5400+30:1800+30"]

1. e4 g6 2. d4 d6 3. Nc3 Nd7 4. Be2 Bg7 5. Be3 a6 6. Nf3 {[%emt 0:00:47] B06: Modern Defence.} b5 7. a3 Bb7 8. Qd2 {[%emt 0:00:43] The position is equal.} c5 9. O-O (9. Rd1 $5 ) 9... cxd4 10. Nxd4 Ngf6 11. Bd3 (11. f3 $11) 11... O-O 12. Bh6 Rc8 13. Bxg7 Kxg7 {[%emt 0:00:10] [#]} 14. Rfe1 $146 ({Predecessor:} 14. Nb3 Qb6 15. Rfe1 e6 16. Re3 Ne5 17. Rh3 h5 18. Re1 Rc7 19. Rhe3 Rfc8 20. h3 {½-½ (67) Pezo,E (2131)-Werner,G ICCF email 2008}) 14... Qb6 15. Nce2 (15. Bf1 $11) 15... e5 ({Weaker is} 15... Nxe4 16. Bxe4 Bxe4 17. Nc3 $15) 16. Ng3 $2 {[%emt 0:10:02] [#]} (16. Nb3) 16... Qxd4 $19 17. c3 Qb6 18. Qg5 Kh8 19. Re3 Qd8 20. Rf3 Nh5 21. Qxd8 Rcxd8 22. Nxh5 gxh5 23. b4 f5 {[%emt 0:00:42] Black is clearly winning.} 24. Re3 fxe4 25. Bxe4 Bxe4 26. Rxe4 Nf6 27. Re3 e4 28. Rd1 d5 29. Rd4 Rc8 30. h3 Rc4 31. f3 Rxd4 32. cxd4 {[%emt 0:00:09][%mdl 4096] Endgame KRN-KR} Kg7 33. fxe4 (33. Rc3 $142) 33... Nxe4 34. g4 hxg4 {[%emt 0:49:57] [#] aiming for ...Rf3.} 35. hxg4 Rc8 36. Kg2 Rc2+ 37. Kf1 Rf2+ {[%emt 0:00:30] White got outplayed after the opening.  Weighted Error Value: White=0.54/Black=0.10 (very precise)} 0-1

[Event "Slovakian-ch Youth 2022"]
[Site "Lubovna"]
[Date "2022.05.23"]
[Round "4.11"]
[White "Rybiansky, Jergus"]
[Black "Kostelansky, Karol"]
[Result "1-0"]
[ECO "A80"]
[WhiteElo "1379"]
[BlackElo "1821"]
[Annotator "NA COMBH"]
[PlyCount "53"]
[EventDate "2022.05.22"]
[EventCountry "SVK"]
[SourceTitle "playchess.com"]
[Source "ChessBase"]
[SourceQuality "1"]
[TimeControl "40/5400+30:1800+30"]

1. d4 f5 2. Nc3 d5 3. Nf3 Nf6 4. Bg5 e6 5. e3 Be7 6. Bd3 O-O 7. Ne5 Nc6 8. f4 Nb4 9. a3 Nxd3+ 10. cxd3 Nd7 11. Nxd7 Bxd7 12. h4 Rc8 13. g4 fxg4 14. Qxg4 c5 15. dxc5 Rxc5 16. d4 Rc8 17. Kd2 Bxg5 18. hxg5 g6 19. Rh6 Rf7 20. Rah1 Qb6 21. b4 Rc7 22. Qh4 Be8 23. Rxg6+ Rg7 24. Qxh7+ Kf8 25. Qh8+ Ke7 26. Qxg7+ Kd8 27. Qf6+ 1-0

[Event "Slovakian-ch Youth 2022"]
[Site "Lubovna"]
[Date "2022.05.23"]
[Round "4.11"]
[White "Krivosik, Matus"]
[Black "Kudela, Oliver"]
[Result "1/2-1/2"]
[ECO "D00"]
[WhiteElo "1224"]
[BlackElo "1344"]
[Annotator "NA COMBH"]
[PlyCount "96"]
[EventDate "2022.05.22"]
[EventCountry "SVK"]
[SourceTitle "playchess.com"]
[Source "ChessBase"]
[SourceQuality "1"]
[TimeControl "40/5400+30:1800+30"]

1. d4 d5 2. Bf4 Nf6 3. e3 Bf5 4. Bd3 Bg6 5. Nf3 Ne4 6. O-O e6 7. Nbd2 Nd6 8. Re1 Bxd3 9. cxd3 Nd7 10. e4 c6 11. Nb3 Be7 12. Nc5 Nxc5 13. dxc5 Nb5 14. a4 Nc7 15. b4 dxe4 16. dxe4 Qxd1 17. Rexd1 Na6 18. Rd4 f6 19. e5 f5 20. Ng5 Bxg5 21. Bxg5 h6 22. Bh4 g5 23. Bg3 f4 24. Bxf4 gxf4 25. Rxf4 Ke7 26. Rg4 Rhg8 27. Rh4 Rg6 28. f4 Rag8 29. g3 Nc7 30. Rh5 Rf8 31. Kf2 Nd5 32. b5 Rc8 33. f5 exf5 34. Rxf5 Rf8 35. Rxf8 Kxf8 36. Kf3 Ke7 37. bxc6 Rxc6 38. Rb1 b6 39. cxb6 Rxb6 40. Rxb6 axb6 41. Ke4 Ke6 42. h4 Nc3+ 43. Kd4 Nxa4 44. g4 Nc5 45. g5 h5 46. g6 Ke7 47. Kd5 Ne6 48. Kc6 Ke8 1/2-1/2

[Event "Slovakian-ch Youth 2022"]
[Site "Lubovna"]
[Date "2022.05.23"]
[Round "4.12"]
[White "Vida, Gergo"]
[Black "Toth, Marton"]
[Result "1/2-1/2"]
[ECO "A01"]
[WhiteElo "1821"]
[BlackElo "1849"]
[Annotator "NA COMBH"]
[PlyCount "26"]
[EventDate "2022.05.22"]
[EventCountry "SVK"]
[SourceTitle "playchess.com"]
[Source "ChessBase"]
[SourceQuality "1"]
[TimeControl "40/5400+30:1800+30"]

1. b3 f5 2. Bb2 Nf6 3. e3 e6 4. Nf3 Nc6 5. d4 d5 6. Nbd2 Be7 7. Bb5 Bd7 8. O-O O-O 9. Qe2 a6 10. Bxc6 Bxc6 11. Rfc1 Bb4 12. a3 Bb5 13. Qd1 Bxd2 1/2-1/2

[Event "Slovakian-ch Youth 2022"]
[Site "Lubovna"]
[Date "2022.05.23"]
[Round "4.12"]
[White "Marcin, Richard"]
[Black "Bidulsky, Matej"]
[Result "0-1"]
[ECO "C20"]
[WhiteElo "1325"]
[BlackElo "1800"]
[Annotator "NA COMBH"]
[PlyCount "34"]
[EventDate "2022.05.22"]
[EventCountry "SVK"]
[SourceTitle "playchess.com"]
[Source "ChessBase"]
[SourceQuality "1"]
[TimeControl "40/5400+30:1800+30"]

1. e4 e5 2. Ne2 Nf6 3. Nbc3 d5 4. d4 exd4 5. Qxd4 Nc6 6. Qa4 d4 7. e5 Ng4 8. Nb5 Bc5 9. Bf4 d3 10. O-O-O Nxf2 11. Rd2 O-O 12. Ng3 Nb4 13. Qb3 Be6 14. Qa4 Qh4 15. Bxd3 Qxf4 16. Kb1 Qxd2 17. a3 Nbxd3 0-1

[Event "Slovakian-ch Youth 2022"]
[Site "Lubovna"]
[Date "2022.05.23"]
[Round "4.13"]
[White "Sokolovsky, Jakub"]
[Black "Babjak, Samuel"]
[Result "1/2-1/2"]
[ECO "B33"]
[WhiteElo "1613"]
[BlackElo "1577"]
[Annotator "NA COMBH"]
[PlyCount "58"]
[EventDate "2022.05.22"]
[EventCountry "SVK"]
[SourceTitle "playchess.com"]
[Source "ChessBase"]
[SourceQuality "1"]
[TimeControl "40/5400+30:1800+30"]

1. e4 c5 2. Nf3 Nc6 3. d4 cxd4 4. Nxd4 Nf6 5. Nc3 e5 6. Ndb5 d6 7. Bg5 a6 8. Na3 b5 9. Nd5 Be7 10. Bxf6 Bxf6 11. c4 b4 12. Nc2 a5 13. Bd3 Be6 14. Nce3 Bg5 15. O-O Ne7 16. a3 Nxd5 17. Nxd5 Bxd5 18. cxd5 O-O 19. Qa4 bxa3 20. Rxa3 Qc7 21. Rc3 Qe7 22. Rc6 Bd2 23. Qc4 Bb4 24. Rc7 Qd8 25. Qc6 Rc8 26. Rxc8 Qxc8 27. Rc1 Bc5 28. Qxc8 Rxc8 29. Bc4 Rb8 1/2-1/2

[Event "Slovakian-ch Youth 2022"]
[Site "Lubovna"]
[Date "2022.05.23"]
[Round "4.13"]
[White "Ammer, Erik"]
[Black "Kurimsky, Kristian"]
[Result "1-0"]
[ECO "C50"]
[WhiteElo "1320"]
[BlackElo "1006"]
[Annotator "NA COMBH"]
[PlyCount "45"]
[EventDate "2022.05.22"]
[EventCountry "SVK"]
[SourceTitle "playchess.com"]
[Source "ChessBase"]
[SourceQuality "1"]
[TimeControl "40/5400+30:1800+30"]

1. e4 e5 2. Nf3 Nc6 3. Bc4 Nf6 4. d3 Bc5 5. Nc3 d6 6. h3 Na5 7. Bb3 h6 8. Be3 Bxe3 9. fxe3 b6 10. d4 exd4 11. exd4 c5 12. d5 c4 13. Ba4+ Bd7 14. Nb5 Nxe4 15. Qe2 f5 16. Nxd6+ Kf8 17. Bxd7 Qxd7 18. Nxc4 Qxd5 19. Ne3 Qe6 20. Nd4 Qe5 21. Ndxf5 g6 22. O-O gxf5 23. Rxf5+ 1-0

[Event "Slovakian-ch Youth 2022"]
[Site "Lubovna"]
[Date "2022.05.23"]
[Round "4.14"]
[White "Valko, Michal"]
[Black "Chovanec, Adrian"]
[Result "1-0"]
[ECO "A03"]
[WhiteElo "1906"]
[BlackElo "1498"]
[Annotator "TA"]
[PlyCount "47"]
[EventDate "2022.05.22"]
[EventCountry "SVK"]
[SourceTitle "playchess.com"]
[Source "ChessBase"]
[SourceQuality "1"]
[TimeControl "40/5400+30:1800+30"]

1. f4 Nc6 2. Nf3 d5 3. e3 a6 4. b3 Bf5 5. Bb2 f6 {[%emt 0:02:09] [#]} 6. Be2 $146 {[%emt 0:02:15] A03: Bird's Opening with 1...d5.} ({Predecessor:} 6. d3 Bg4 7. Be2 e6 8. O-O Bc5 9. d4 Bb4 10. a3 Bd6 11. h3 Bh5 12. g4 {1-0 (54) Yurtoglu,O (1927)-Yalbirdak,A Ankara 2021}) 6... Qd7 7. O-O O-O-O 8. d3 (8. a3 $14) 8... Kb8 $15 9. a3 Bg4 10. d4 Nh6 11. c4 dxc4 12. bxc4 e6 {[%emt 0:03:50] Inhibits d5.} (12... Nf5 $11 {keeps the balance.} 13. Bc1 e5 14. fxe5 fxe5) 13. Nbd2 $16 Nf5 14. Qb3 Kc8 (14... Na5 $16 {keeps fighting.} 15. Qc3 Nc6) 15. Rab1 $18 {[%emt 0:05:17] [#] Black must now prevent Bc3.} Na7 $2 (15... Na5 16. Qc3 Nc6) 16. c5 Bxf3 $2 (16... Qc6 {was necessary.} 17. h3 Bxf3 18. Bxf3 Qb5 19. Qxe6+ Qd7) 17. Bxf3 c6 18. Nc4 {[%emt 0:00:35] aiming for Nb6+.} Kb8 19. Bc3 Nb5 20. Kh1 Nxc3 (20... Nh4 $142 21. Be4 f5) 21. Qxc3 Nxd4 22. exd4 Qxd4 {[%emt 0:00:25] [#]} 23. Qb3 (23. Bxc6 $142 $1 Qd7 24. Bxd7 Bxc5 25. Bxe6 Rc8 26. Qa5 Rhe8 27. Bxc8 Bb4 28. Rxb4) 23... Qd7 24. Rfd1 {[%emt 0:00:16] Weighted Error Value: White=0.13 (very precise) /Black=0.85} 1-0

[Event "Slovakian-ch Youth 2022"]
[Site "Lubovna"]
[Date "2022.05.23"]
[Round "4.14"]
[White "Otahal, Kristian"]
[Black "Tokarcik, Jan"]
[Result "1/2-1/2"]
[ECO "D02"]
[WhiteElo "1000"]
[BlackElo "1313"]
[Annotator "NA COMBH"]
[PlyCount "43"]
[EventDate "2022.05.22"]
[EventCountry "SVK"]
[SourceTitle "playchess.com"]
[Source "ChessBase"]
[SourceQuality "1"]
[TimeControl "40/5400+30:1800+30"]

1. d4 d5 2. Nf3 Nf6 3. Bf4 Bf5 4. e3 e6 5. c4 Bb4+ 6. Nc3 c6 7. Qb3 Bxc3+ 8. bxc3 b6 9. cxd5 Nxd5 10. Bg3 O-O 11. c4 Nf6 12. Be2 Nbd7 13. O-O Ne4 14. Bf4 g5 15. Bg3 g4 16. Ne5 Nxe5 17. Bxe5 Nd2 18. Qb2 Nxf1 19. Rxf1 f6 20. Bg3 a6 21. a4 h5 22. f3 1/2-1/2

[Event "Slovakian-ch Youth 2022"]
[Site "Lubovna"]
[Date "2022.05.23"]
[Round "4.15"]
[White "Compel, Daniel"]
[Black "Lovcican, Tomas"]
[Result "1-0"]
[ECO "E07"]
[WhiteElo "2106"]
[BlackElo "2024"]
[Annotator "TA"]
[PlyCount "49"]
[EventDate "2022.05.22"]
[EventCountry "SVK"]
[SourceTitle "playchess.com"]
[Source "ChessBase"]
[SourceQuality "1"]
[TimeControl "40/5400+30:1800+30"]

1. d4 d5 2. c4 e6 3. Nf3 Nf6 4. g3 Be7 5. Bg2 O-O 6. O-O Nbd7 7. Nc3 c6 8. Qc2 dxc4 9. a4 {[%emt 0:03:34] Prevents b5. E07: Closed Catalan: Main Line (5 Nf3 0-0 6 0-0 Nbd7).} Qc7 {[%emt 0:06:56] [#]} (9... a5 $11) 10. Rd1 $146 (10. Bf4 $5 Qd8 11. Rfd1 $11) ({Predecessor:} 10. e4 e5 11. Ne2 exd4 12. Nexd4 Ne5 13. Nxe5 Qxe5 14. Qxc4 Rd8 15. Ne2 Be6 16. Qc2 Nh5 17. Be3 Qa5 {½-½ (17) Milort,G (1948)-Rabus,B (2161) Leiden 2017}) 10... Bd6 {[%emt 0:02:33] [#]} (10... b6 $11) 11. Nd2 $1 $16 {[%emt 0:03:38] White is better.} e5 12. Nxc4 exd4 13. Rxd4 Be5 14. Nxe5 {[%emt 0:01:51] 0x0.00226af868b5dp-1022s more active pieces. The black rooks are badly placed.} Qxe5 15. Rd1 Nb6 16. Bf4 Qf5 (16... Qh5 $142) 17. Qxf5 Bxf5 18. a5 Nbd7 {[%emt 0:11:50] [#] This costs Black the game.} (18... Nbd5 $16) 19. a6 $18 b6 (19... bxa6 {is a better defense.} 20. Bxc6 Rad8) 20. Bxc6 Rac8 21. Bb7 {[%emt 0:00:54] A strong pair of Bishops.} Rc4 22. Nb5 {[%emt 0:00:56][%cal Bc3b5,Bb5a7,Ba7c8,Bc8e7][%mdl 32] White is clearly winning.} Rb4 23. Nxa7 Rxb2 24. Nc8 Be4 25. Ne7+ {[%emt 0:00:33] Weighted Error Value: White=0.08 (flawless) /Black=0.71} 1-0

[Event "Slovakian-ch Youth 2022"]
[Site "Lubovna"]
[Date "2022.05.23"]
[Round "4.15"]
[White "Valchev, Martin V"]
[Black "Kakus, Oliver"]
[Result "1-0"]
[ECO "C49"]
[WhiteElo "1193"]
[BlackElo "1000"]
[Annotator "NA COMBH"]
[PlyCount "57"]
[EventDate "2022.05.22"]
[EventCountry "SVK"]
[SourceTitle "playchess.com"]
[Source "ChessBase"]
[SourceQuality "1"]
[TimeControl "40/5400+30:1800+30"]

1. e4 e5 2. Nc3 Nc6 3. Nf3 Nf6 4. Bb5 Bb4 5. O-O Bxc3 6. dxc3 Ne7 7. Nxe5 O-O 8. Bg5 Nxe4 9. Qg4 Nxg5 10. Qxg5 f6 11. Bc4+ d5 12. Qh4 fxe5 13. Rad1 Qe8 14. Bxd5+ Qf7 15. Bxf7+ Rxf7 16. Rd8+ Rf8 17. Rxf8+ Kxf8 18. Qxh7 Bf5 19. Qh8+ Ng8 20. Qh5 Nh6 21. g4 Bxg4 22. Qxe5 Re8 23. Qc5+ Kf7 24. Qxc7+ Re7 25. Qf4+ Ke8 26. Kg2 Rf7 27. Re1+ Kf8 28. Qb8+ Bc8 29. Qxc8# 1-0

[Event "Slovakian-ch Youth 2022"]
[Site "Lubovna"]
[Date "2022.05.23"]
[Round "4.16"]
[White "Skreko, Igor"]
[Black "Paluska, Karol"]
[Result "1-0"]
[ECO "E36"]
[WhiteElo "2065"]
[BlackElo "2006"]
[Annotator "TA"]
[PlyCount "71"]
[EventDate "2022.05.22"]
[EventCountry "SVK"]
[SourceTitle "playchess.com"]
[Source "ChessBase"]
[SourceQuality "1"]
[TimeControl "40/5400+30:1800+30"]

1. d4 Nf6 2. c4 e6 3. Nc3 Bb4 4. Qc2 O-O 5. a3 Bxc3+ 6. Qxc3 d5 {[%emt 0:00:04] is recently more successful than 6...b6.} 7. Bg5 c5 {[%emt 0:11:23] E36: Nimzo-Indian: Classical: 4...d5 5 a3.} 8. cxd5 {[%emt 0:09:20] [#]} Nxd5 $146 (8... cxd4 $11 9. Qxd4 Nc6 $1) ({Predecessor:} 8... cxd4 9. Qxd4 Nc6 10. Qd2 exd5 11. Nf3 h6 12. Bxf6 Qxf6 13. e3 d4 14. Nxd4 Rd8 15. Rd1 Nxd4 16. exd4 {0-1 (24) Lenic,L (2627)-Vidit,S (2727) Chess.com INT 2021}) 9. Bxd8 $14 Nxc3 {[%emt 0:00:04] White is slightly better.} 10. Be7 Re8 11. Bxc5 Na4 12. Rb1 Na6 13. Bb4 Nxb4 14. axb4 e5 {[%emt 0:00:17] [#]} (14... Bd7 $11 {remains equal.}) 15. dxe5 (15. Nf3 $1 $16) 15... Bf5 16. Rc1 Rxe5 17. Nf3 Re4 18. b3 Nb6 19. e3 {[%emt 0:00:51] Threatens to win with Bd3.} (19. b5 $5 ) 19... Rxb4 20. Nd4 Be4 21. f3 Bd5 22. Rc3 a5 23. Bd3 a4 24. bxa4 Nxa4 25. Ra3 Rc8 {[%emt 0:02:49] White must now prevent ...Rc1+.} 26. O-O g6 27. Nc2 Rb2 {[%emt 0:01:19] This move loses the game for Black.} 28. Rxa4 $18 Bb3 (28... Rcxc2 {was called for.} 29. Bxc2 Rxc2) 29. Rb4 {[%emt 0:01:17] And now Nd4 would win.} Bxc2 30. Rxb2 Bxd3 {[%emt 0:00:04][%mdl 4096] Endgame KRR-KRB} 31. Rd1 ({Less strong is} 31. Rxb7 Bxf1 32. Kxf1 Rc1+ 33. Kf2 Rc2+ 34. Kg3 Re2 $16) 31... Ba6 32. Rd7 Rc3 33. Kf2 Rc1 34. Kg3 Kg7 35. Rb4 {[%emt 0:00:56] aiming for Rf4.} Rc3 (35... g5 $142 36. h4 gxh4+ 37. Rxh4 Rc6) 36. Rf4 {[%emt 0:00:54] Weighted Error Value: White=0.13 (very precise) /Black=0.36} 1-0

[Event "Slovakian-ch Youth 2022"]
[Site "Lubovna"]
[Date "2022.05.23"]
[Round "4.16"]
[White "Rybovic, Alex"]
[Black "Horvath, Simon"]
[Result "1/2-1/2"]
[ECO "C68"]
[WhiteElo "1000"]
[BlackElo "1343"]
[Annotator "NA COMBH"]
[PlyCount "82"]
[EventDate "2022.05.22"]
[EventCountry "SVK"]
[SourceTitle "playchess.com"]
[Source "ChessBase"]
[SourceQuality "1"]
[TimeControl "40/5400+30:1800+30"]

1. e4 e5 2. Nf3 Nc6 3. Bb5 a6 4. Bxc6 dxc6 5. Nxe5 Qd4 6. Qh5 Qxe4+ 7. Kd1 Nh6 8. d3 Bg4+ 9. f3 Qxf3+ 10. gxf3 Bxh5 11. Bxh6 gxh6 12. Nd2 Bd6 13. Ndc4 Bxe5 14. Nxe5 f6 15. Ng4 Bxg4 16. Re1+ Kf7 17. fxg4 Rhe8 18. Rxe8 Rxe8 19. Kd2 Kg6 20. Rg1 Re5 21. h4 h5 22. d4 Rd5 23. c3 hxg4 24. Rxg4+ Kf5 25. Rg7 h5 26. Rxc7 Kg4 27. Rf7 f5 28. Kd3 f4 29. c4 Rf5 30. Rxf5 Kxf5 31. Ke2 Kg4 32. d5 Kxh4 33. d6 Kg3 34. d7 Kg2 35. d8=Q f3+ 36. Ke1 f2+ 37. Kd2 f1=Q 38. Qg5+ Kf2 39. Qxh5 Qe1+ 40. Kc2 Qe4+ 41. Kc3 Qe3+ 1/2-1/2